 Dungeon Crawl Stone Soup version 0.29-a0-221-gceb61267dd (webtiles) character file.

Game seed: 13571871496802599061

621 ReploidZero the Shield-Bearer (level 7, -2/57 HPs)
             Began as a Vine Stalker Fighter on Feb 26, 2022.
             Was an Initiate of Ru.
             Slain by Edmund
             ... wielding a +1 dire flail of venom
              (5 damage)
             ... on level 5 of the Dungeon.
             The game lasted 00:06:04 (3844 turns).

ReploidZero the Shield-Bearer (VSFi)                Turns: 3844, Time: 00:06:04

Health: -2/57      AC: 23    Str: 27    XL:     7   Next: 46%
Magic:  0/8        EV:  2    Int:  8    God:    Ru [......]
Gold:   206        SH:  5    Dex: 13    Spells: 6/6 levels left

rFire   . . .      SeeInvis .   a - +0 flail
rCold   . . .      Faith    .   c - +0 buckler
rNeg    . . .      Spirit   +   (body armour currently unavailable)
rPois   +          Reflect  .   (helmet currently unavailable)
rElec   .          Harm     .   (cloak currently unavailable)
rCorr   .          Rampage  .   (gloves currently unavailable)
Will    .....      NoTele   +   (boots currently unavailable)
Stlth   +.........              (no amulet)
HPRegen 0.99/turn               l - +6 ring of strength
MPRegen 0.11/turn               r - ring of poison resistance

@: tree-form
A: stationary, stasis, torment immunity, boosted hp, (fangs 2), regeneration 1,
magic shield, (antimagic bite), no potion heal 2
a: Renounce Religion


You were on level 5 of the Dungeon.
You worshipped Ru.
Ru was noncommittal.
You were a tree.
You visited 2 branches of the dungeon, and saw 6 of its levels.

You collected 206 gold pieces.

Inventory:

Hand Weapons
 a - a +0 flail (weapon)
Missiles
 h - 4 datura-tipped darts (quivered)
Armour
 b - a +0 scale mail (melded)
 c - a +0 buckler (worn)
 i - a +0 pair of gloves (melded)
 j - the +2 leather armour "Qinged" {Int+2}
   (You found it on level 2 of the Dungeon)

   Int:       It affects your intelligence (+2).
Jewellery
 g - a ring of positive energy
 l - a +6 ring of strength (left branch)
 r - a ring of poison resistance (right branch)
Wands
 s - a wand of digging (9)
 v - a wand of iceblast (13)
Scrolls
 m - a scroll of fog
 t - a scroll of holy word {unknown}
 x - 3 scrolls of identify
 y - a scroll of magic mapping {unknown}
Potions
 d - a potion of might
 f - 2 potions of lignification
 k - a potion of haste
 n - 2 potions of cancellation
 o - 2 potions of brilliance
 p - 2 potions of magic
 q - a potion of degeneration {unknown}
 u - 2 potions of ambrosia {unknown}


   Skills:
 + Level 4.4 Fighting
 + Level 3.9 Maces & Flails
 + Level 4.0 Armour
 + Level 4.4 Shields


You had 6 spell levels left.
You didn't know any spells.
Your spell library contained the following spells:

 Spells                   Type           Power      Damage    Failure   Level
 Pain                     Necr           0%         1d4       50%         1
 Sublimation of Blood     Necr           0%         N/A       63%         2
 Summon Guardian Golem    Hex/Summ       0%         N/A       86%         3
 Petrify                  Tmut/Erth      0%         N/A       99%         4
 Agony                    Necr           0%         N/A       100%        5
 Excruciating Wounds      Necr           0%         N/A       100%        5
 Irradiate                Conj/Tmut      0%         3d14      100%        5
 Orb of Destruction       Conj           0%         9d5       100%        7
 Spellforged Servitor     Conj/Summ      0%         N/A       100%        7


Dungeon Overview and Level Annotations

Branches:
Dungeon (5/15)             Temple (1/1) D:5

Altars:
Dithmenos
Elyvilon
Fedhas
Gozag
Hepliaklqana
Kikubaaqudgha
Nemelex Xobeh
Qazlal
Ru
Sif Muna
Vehumet
Wu Jian
Xom
Zin
The Shining One

Shops:
D:1 (

Annotations:
D:5 Edmund


Innate Abilities, Weirdness & Mutations

You are a tree.
Your roots penetrate the ground, keeping you stationary.
You cannot be teleported.
You are immune to unholy pain and torment.
Your maximum health is greatly increased.
Your equipment is partially melded.
((You have extremely sharp teeth.))
Your natural rate of healing is unusually fast.
When hurt, damage is shared between your health and your magic reserves.
((Your bite disrupts and absorbs the magic of your enemies.))
Potions cannot restore your health.


Message History

You feel sick.
Edmund says, "You wouldn't believe how much I paid for this flail."
You feel sick.
You are no longer poisoned.
Found an encrusted glass wand.
Hit: a) +0 flail
Press: ? - help, Dir - move target, f - Edmund
Aim: Edmund, wielding a +1 dire flail of venom and wearing a +0 leather armour (heavily wounded, about 43% to evade your +0 flail)
Okay, then.
Unknown command.
You open the door.
An orc, an iguana and an ogre come into view.
The orc shouts!
The ogre shouts!
Edmund closely misses you.
As you read the scroll of teleportation, it crumbles to dust.
You feel strangely unstable. Edmund closely misses you.
The orc hits you but does no damage.
Really quaff the potion of lignification?
You turn into a tree.
Your +0 pair of gloves melds into your body.
Your +0 scale mail melds into your body.
Your roots penetrate the ground.
You feel strangely stable.
Edmund hits you with a +1 dire flail of venom!
* * * LOW HITPOINT WARNING * * *
You are lethally poisoned!
The orc hits you but does no damage.
You hit Edmund but do no damage.
Edmund is heavily wounded.
* * * LOW HITPOINT WARNING * * *
You feel extremely sick. You block Edmund's attack.
The orc hits you but does no damage.
Unknown command.
Your system rejects the healing.
You feel better.
Edmund hits you with a +1 dire flail of venom!
* * * LOW HITPOINT WARNING * * *
You block the orc's attack.
You hit Edmund.
Edmund is severely wounded.
Edmund hits you with a +1 dire flail of venom.
You die...

...#.# ...#.# #.. #.##.#
#.# # .....## #.# .# +#
#.#####.##.###.# ... #.#
....... .... #.# #.#.##
.....
#.########....####l.....
........[......@♣oO.....
.#########....####......
.# #.#.## ..... .#
....... .... .#
#/#..###.# ... .# #.##.#
# +# .# # ... $# ##.#


You could see Edmund, an ogre, an iguana and an orc.

Vanquished Creatures
  2 sky beasts (D:5)
  An ogre (D:4)
  An iguana (D:4)
  Jessica (D:2)
  Natasha (thrice) (D:3)
  An orc wizard (D:3)
  3 gnolls (D:4)
  5 adders
  A white imp (D:5)
  3 worms
  3 dart slugs
  8 orcs
  5 ball pythons
  5 endoplasms
  6 giant cockroaches
  7 hobgoblins
  12 kobolds
  5 quokkas
  7 bats
  6 frilled lizards
  10 goblins
  7 rats
102 creatures vanquished.

Notes
Turn   | Place    | Note
-------+----------+-------------------------------------------
     0 | D:1      | ReploidZero the Vine Stalker Fighter began the quest for
                  | the Orb.
     0 | D:1      | Reached XP level 1. HP: 11/11 MP: 2/2
   291 | D:1      | Reached XP level 2. HP: 14/16 MP: 1/3
   946 | D:1      | Reached XP level 3. HP: 20/20 MP: 4/4
   965 | D:1      | Found Gust's Antique Weapon Shoppe.
  1134 | D:1      | Found a faded altar of an unknown god.
  1262 | D:2      | Identified the +2 leather armour "Qinged" {Int+2}
  1804 | D:2      | Noticed Jessica
  1809 | D:2      | Killed Jessica
  1810 | D:2      | Gained mutation: Your natural rate of healing is unusually
                  | fast. [Vine Stalker growth]
  1810 | D:2      | Reached XP level 4. HP: 24/24 MP: 5/5
  2262 | D:3      | Noticed Natasha
  2268 | D:3      | Killed Natasha
  2269 | D:3      | Reached XP level 5. HP: 27/28 MP: 4/6
  2296 | D:3      | Noticed Natasha
  2311 | D:3      | Killed Natasha
  2441 | D:3      | Noticed Natasha
  2451 | D:3      | Killed Natasha
  2452 | D:3      | Reached XP level 6. HP: 29/33 MP: 4/7
  3089 | D:4      | Found a shimmering altar of Xom.
  3550 | D:5      | Entered Level 5 of the Dungeon
  3550 | D:5      | Found a staircase to the Ecumenical Temple.
  3565 | D:5      | Noticed a sky beast
  3570 | D:5      | Killed a sky beast
  3571 | D:5      | Reached XP level 7. HP: 35/37 MP: 8/8
  3575 | Temple   | Entered the Ecumenical Temple
  3692 | Temple   | Became a worshipper of Ru the Awakened
  3720 | D:5      | Found an opulent altar of Gozag.
  3812 | D:5      | Noticed Edmund
  3843 | D:5      | HP: 2/57 [Edmund/+1 dire flail of venom (6)]
  3844 | D:5      | Slain by Edmund

Illustrated notes

Levels and vault maps discovered:
D:1:      minmay_arrival_split_and_join, layout_rooms, serial_shops,
          nicolae_shop_statue_plus, shapermc_ecumenical_altar_petra,
          serial_co_window_serial, co_window_paths_a,
          co_window_of_opportunity_a, co_window_paths_a, co_window_corner_a,
          co_window_of_opportunity_a, co_window_corner_a,
          co_window_of_opportunity_a, co_window_cross_1, co_window_corner_a,
          co_window_corner_cb, co_window_2corner, co_window_broadway_c,
          co_window_4corner_b, co_window_4corner_a, glass_columns_c,
          glass_columns_b, minmay_tetromino_l4
D:2:      layout_rooms, nrook_mini_vaults, grunt_ministairs_12, uniq_jessica
D:3:      layout_basic, uniq_natasha
D:4:      layout_basic, tgw_xom, kennysheep_crisscross, roderic_three_in_a_row,
          minmay_misc_feat_diagonals, minmay_fractal_squares_5
D:5:      layout_loops_corners, grunt_gozag_breadcrumbs,
          nicolae_overflow_hidden_temple, minmay_temple_entry_offerings,
          glass_columns_a, uniq_edmund, uniq_pikel
Temple:   dshaligram_water_room_temple

Skill      XL: |  1  2  3  4  5  6  7 |
---------------+----------------------+-----
Maces & Flails | 2 3 |  3.9
Fighting       | 3 4 |  4.4
Shields        | 3 4 |  4.4
Armour         | 3 4 |  4.0

Action                   |  1- 3 |  4- 6 |  7- 9 || total
-------------------------+-------+-------+-------++-------
Melee: Flail             |    94 |   204 |    33 ||   331
       Bite              |    16 |    50 |     4 ||    70
  Use: Scroll            |       |     7 |     1 ||     8
       Potion            |       |     3 |     2 ||     5
Armor: Scale mail        |    52 |   120 |    20 ||   192
       Skin              |       |       |     2 ||     2
Dodge: Dodged            |    35 |   104 |     9 ||   148
Block: Buckler           |    23 |    50 |     7 ||    80

Table legend: (Time is in decaauts)
 A = Elapsed time spent in this place.
 B = Non-inter-level travel time spent in this place.
 C = Inter-level travel time spent in this place.
 D = Time resting spent in this place.
 E = Time spent auto-exploring this place.
 F = Levels seen in this place.
 G = Mean time per level.
                   A        B        C        D        E       F      G
               +--------+--------+--------+--------+--------+-----+--------+
         Total |   3960 |   3839 |    121 |      0 |   2967 |   6 |  660.0 |
       Dungeon |   3827 |   3721 |    106 |      0 |   2867 |   5 |  765.4 |
        Temple |    133 |    118 |     15 |      0 |    100 |   1 |  133.0 |
               +--------+--------+--------+--------+--------+-----+--------+

Top non-repeatable levels by time:
     D:1: 1251 daAuts
     D:3: 879 daAuts
     D:4: 789 daAuts
     D:2: 735 daAuts
     D:5: 170 daAuts
  Temple: 133 daAuts
